 Dungeon Crawl Stone Soup version 0.20.1-1-g8b1a95d (webtiles) character file.

193 keltmir the Ruffian (level 5, -1/47 HPs)
             Began as a Ghoul Monk on Oct 27, 2017.
             Slain by a gnoll (5 damage)
             ... on level 3 of the Dungeon.
             The game lasted 00:08:07 (1429 turns).

keltmir the Ruffian (Ghoul Monk)                    Turns: 1429, Time: 00:08:07

Health: -1/47      AC:  6    Str: 16    XL:     5   Next: 72%
Magic:  4/4        EV: 12    Int:  5    God:
Gold:   144        SH:  0    Dex: 11    Spells: 4/4 levels left

rFire    . . .     SeeInvis .     - Unarmed
rCold    + . .     Gourm    .   (no shield)
rNeg     + + +     Faith    .   f - +0 ring mail
rPois    ∞         Spirit   .   (no helmet)
rElec    .         Reflect  .   (no cloak)
rCorr    .         Harm     .   e - +0 pair of gloves
MR       .....                  (no boots)
Stlth    +.........             (no amulet)
Regen    0.0/turn               (no ring)
MPRegen  0.1/turn               (no ring)

@: rotting
A: rotting body, claws 1, carnivore 3, cold resistance 1, negative energy
resistance 3, inhibited regeneration, torment resistance, unbreathing
a: no special abilities


You were on level 3 of the Dungeon.
You were not hungry.

You visited 1 branch of the dungeon, and saw 3 of its levels.

You collected 144 gold pieces.

Inventory:

Missiles
 h - 2 poisoned tomahawks (quivered)
Armour
 a - a +0 robe
 e - a +0 pair of gloves (worn)
 f - a +0 ring mail (worn)
Jewellery
 i - an uncursed ring of positive energy {unknown}
Scrolls
 c - a scroll of identify
 g - a scroll of random uselessness
 j - 3 scrolls of enchant weapon {unknown}
 k - a scroll of enchant armour {unknown}
 l - 2 scrolls of recharging {unknown}
 m - 2 scrolls of blinking {unknown}
 t - a scroll of noise {unknown}
Potions
 d - a potion of mutation {unknown}
 n - 2 potions of berserk rage {unknown}
 p - 2 potions of invisibility {unknown}
 q - a potion of lignification {unknown}
 s - a potion of haste {unknown}
Comestibles
 b - 3 meat rations
 r - 2 royal jellies


   Skills:
 * Level 4.4 Fighting
 + Level 1.1 Armour
 + Level 3.3 Dodging
 - Level 2.2 Stealth
 + Level 5.2 Unarmed Combat


You had 4 spell levels left.
You didn't know any spells.

Dungeon Overview and Level Annotations

Branches:
Dungeon (3/15)

Altars:
Dithmenos
Uskayaw


Innate Abilities, Weirdness & Mutations

Your body is rotting away.
You thrive on raw meat.
You are immune to poison.
You have sharp fingernails.
You are carnivorous and can eat meat at any time.
Your flesh is cold resistant. (rC+)
You are immune to negative energy. (rN+++)
You do not regenerate when monsters are visible.
You are immune to unholy pain and torment.
You can survive without breathing.


Message History

* * * LOW HITPOINT WARNING * * *
Eat one of 2 chunks of flesh? (ye/n/q)
You eat one of the 2 chunks of flesh.
This raw flesh tastes great!
The gnoll misses you.
All of the chunks of flesh in your inventory have rotted away.
The gnoll hits you with a flail.
* * * LOW HITPOINT WARNING * * *
Okay, then.
The gnoll hits you.
* * * LOW HITPOINT WARNING * * *
There is an escape hatch in the floor here.
The gnoll misses you.
You slide downwards.
The hatch slams shut behind you.
As you read the scroll labeled QOYTOON MEBINI, it crumbles to dust.
It is a scroll of identify.
g - a scroll of random uselessness The gnoll hits you with a flail.
* * * LOW HITPOINT WARNING * * *
The gnoll hits you.
You die...

... ...... ...... ^.....
.# ..... ..##
############## ...# #..#
#..@.##....).# ..####
#.. #..gg##......#
.....####.#
#....##......#
.###......#
##.........#### .#
##.....###.....####.#
####..#...........#....#
........#........(#.####
......###....#......#
#..##)####.#.#......#


You could see 2 gnolls.

Vanquished Creatures
  The ghost of Irenicus the Insei, an amateur OpCK of Xom (D:3)
  An adder (D:3)
  An ooze (D:2)
  A worm (D:2)
  A dart slug (D:1)
  A leopard gecko (D:1)
  4 orcs
  3 giant cockroaches
  5 goblins
  2 hobgoblins
  4 jackals
  7 bats
  2 frilled lizards
  8 kobolds
  8 rats
49 creatures vanquished.

Notes
Turn   | Place    | Note
-------+----------+-------------------------------------------
     0 | D:1      | keltmir the Ghoul Monk began the quest for the Orb.
     0 | D:1      | Reached XP level 1. HP: 19/19 MP: 0/0
   136 | D:1      | Reached XP level 2. HP: 26/26 MP: 1/1
   727 | D:1      | Reached XP level 3. HP: 32/32 MP: 2/2
   990 | D:2      | Reached skill level 4 in Unarmed Combat
  1012 | D:2      | Found a hide-covered altar of Uskayaw.
  1174 | D:2      | Reached XP level 4. HP: 32/40 MP: 3/3
  1283 | D:3      | Found a shadowy altar of Dithmenos.
  1310 | D:3      | Noticed Irenicus's ghost (amateur OpCK)
  1332 | D:3      | Killed Irenicus's ghost
  1332 | D:3      | Reached skill level 1 in Armour
  1332 | D:3      | Reached skill level 5 in Unarmed Combat
  1332 | D:3      | Reached XP level 5. HP: 30/47 MP: 4/4
  1429 | D:3      | Slain by a gnoll

Skill      XL: |  1  2  3  4 |
---------------+-------------+-----
Dodging        | 3 |  3.3
Unarmed Combat | 4 5 |  5.2
Fighting       | 4 |  4.4
Armour         | 1 |  1.1
Stealth        | |  2.2

Action                   |  1- 3 |  4- 6 || total
-------------------------+-------+-------++-------
Melee: Unarmed           |   106 |    39 ||   145
       Punch             |     3 |       ||     3
  Use: Scroll            |       |     1 ||     1
 Stab: Sleeping          |     1 |       ||     1
  Eat: Chunk             |     8 |     8 ||    16
Armor: Robe              |     9 |       ||     9
       Ring mail         |    70 |    13 ||    83
Dodge: Dodged            |   138 |    29 ||   167
